 Dungeon Crawl Stone Soup version bcrawl-1.40.3b (webtiles) character file.

Game seed: 12775442361155695578

222501 Finalfun the Sneak (level 7, 0/43 HPs)
             Began as an Octopode Transmuter on Mar 17, 2024.
             Was an Initiate of Gozag.
             Slain by an orc warrior
             ... wielding a +0 long sword
              (19 damage)
             ... on level 5 of the Dungeon.
             The game lasted 00:10:06 (3509 turns).

Finalfun the Sneak (Octopode Transmuter)            Turns: 3509, Time: 00:10:07

Health: 0/43       AC:  1    Str: 10    XL:     7   Next: 47%
Magic:  9/13       EV: 13    Int: 17    God:    Gozag
Gold:   211        SH:  0    Dex: 12    Spells: 2/14 levels left

rFire    . . .     GDR:     24%   - Tentacles (7.2)
rCold    . . .     SeeInvis .   (no shield)
rNeg     . . .     Gourm    .   (helmet restricted)
rPois    .         Faith    .   (cloak restricted)
rElec    .         Spirit   .   (no amulet)
rCorr    .         Reflect  .   g - ring of wizardry
MR       .....                  (no ring)
Stlth    ++++......             (no ring)
HPRegen  0.17/turn              (no ring)
MPRegen  0.13/turn              (no ring)
                                (no ring)
                                (no ring)
                                (no ring)

@: appendage
A: almost no armour, stealthy swim, resist paralysis, amphibious, 8 rings,
constrict 8, tentacle spike 3, camouflage 1, gelatinous body 1
a: End Transformation, Potion Petition, Call Merchant, Bribe Branch, Renounce
Religion


You were on level 5 of the Dungeon.
You worshipped Gozag.
Gozag was aware of your devotion.
You were not hungry.
One of your tentacles had a temporary spike.
You visited 2 branches of the dungeon, and saw 6 of its levels.

You collected 295 gold pieces.
You paid 84 gold pieces to Gozag.

Inventory:

Missiles
 a - 319 arrows
 o - 124 poisoned tomahawks (quivered)
Jewellery
 g - a ring of wizardry (left tentacle)
Wands
 p - a wand of iceblast (7)
 r - a wand of charming (7)
 s - a wand of acid (8)
Scrolls
 d - a scroll of teleportation {unknown}
 i - a scroll of remove curse {unknown}
 j - 2 scrolls of fear {unknown}
 m - 2 scrolls of immolation {unknown}
 t - a scroll of revelation {unknown}
Potions
 b - a potion of haste {unknown}
 c - 3 potions of lignification
 f - 2 potions of heal wounds
 h - 5 potions of might
 k - a potion of curing
 l - a potion of magic {unknown}
 n - a potion of mutation
 q - 2 potions of agility
Comestibles
 e - 8 rations {!d}


   Skills:
 - Level 1.0 Fighting
 - Level 2.0 Dodging
 + Level 5.4 Stealth
 + Level 4.1 Unarmed Combat
 - Level 4.0 Spellcasting
 + Level 5.0 Transmutations
 + Level 0.3 Ice Magic


You had 2 spell levels left.
You knew the following spells:

 Your Spells              Type           Power        Failure   Level  Hunger
a - Beastly Appendage     Tmut           ###...       1%          1    None
b - Sticks to Snakes      Tmut           ###.....     1%          2    None
c - Blade Hands           Tmut           ###.......   22%         5    ######.
d - Ice Form              Ice/Tmut       ##......     21%         4    #####..

Your spell library contained the following spells:

 Spells                   Type           Power        Failure   Level  Hunger
 Passwall                 Tmut/Erth      ##......     3%          2    None
 Spider Form              Tmut/Pois      ##.          7%          3    ###....


Dungeon Overview and Level Annotations

Branches:
Dungeon (5/12)             Temple (1/1) D:4

Altars:
Cheibriados
Elyvilon
Fedhas
Gozag
Kikubaaqudgha
Nemelex Xobeh
Okawaru
Trog
Vehumet

Shops:
D:4 ?


Innate Abilities, Weirdness & Mutations

You cannot wear most types of armour.
You are very stealthy in the water. (Stealth+)
Your unusual nervous system resists paralysis.
You are amphibious.
You can wear up to eight rings at the same time.
You can use your tentacles to constrict eight enemies at once.
Your skin changes colour to match your surroundings (Stealth+).
Your rubbery body absorbs attacks. (AC +1, EV +1)
One of your tentacles bears a large vicious spike.


Message History

The orc warrior barely misses you.
You tentacle-slap the orc warrior but do no damage.
You pierce the orc warrior.
The orc warrior is lightly wounded.
You constrict the orc warrior, but do no damage.
You tentacle-slap the orc warrior.
You pierce the orc warrior.
The orc warrior is moderately wounded.
You constrict the orc warrior.
The orc warrior hits you with a +0 long sword!!
Casting: Beastly Appendage (safe; 1% risk of failure)
Confirm with . or Enter, or press ? or * to list all spells.
You create a snake!
You now have arrows for 32 snakes.
You constrict the orc warrior. The orc warrior closely misses you.
Casting: Sticks to Snakes (safe; 1% risk of failure)
Confirm with . or Enter, or press ? or * to list all spells.
You create a snake!
You now have arrows for 31 snakes.
You constrict the orc warrior.
The orc warrior hits you with a +0 long sword!!
You die...
Your body crumbles into a pile of gold.

#<# #.# #.# # #.#
..#. #.#####...
#.##..>..# .
#.##.....##..
#.##S......
###.@o.....#
#.S$##$....##
#.#...o.....###
...#...#........
#.# ###.<......##
..........#####.#
.........$# ..
##...##.# . #...
#.#


You could see an orc warrior and 2 friendly ball pythons.

Vanquished Creatures
  A centaur (D:3)
  2 orc priests
  2 crimson imps (D:4)
  A hound (D:4)
  4 orc wizards
  A worker ant (D:4)
  5 adders (D:3)
  A shadow imp (D:4)
  3 worms
  2 dart slugs
  3 leopard geckos
  9 orcs
  4 giant cockroaches
  7 goblins
  7 hobgoblins
  6 jackals
  2 ball pythons
  4 bats
  5 frilled lizards
  7 kobolds
  10 rats
86 creatures vanquished.

Vanquished Creatures (collateral kills)
  An ogre (D:4)
  An orc priest (D:4)
  3 orcs (D:4)
5 creatures vanquished.

Grand Total: 91 creatures vanquished

Notes
Turn   | Place    | Note
-------+----------+-------------------------------------------
     0 | D:1      | Finalfun the Octopode Transmuter began the quest for the
                  | Orb.
     0 | D:1      | Reached XP level 1. HP: 13/13 MP: 3/3
   170 | D:1      | Reached XP level 2. HP: 8/18 MP: 5/5
   601 | D:1      | Reached XP level 3. HP: 20/23 MP: 6/6
  1527 | D:2      | Learned a level 2 spell: Sticks to Snakes
  1623 | D:3      | Reached XP level 4. HP: 27/28 MP: 6/8
  1703 | D:3      | Reached XP level 5. HP: 33/33 MP: 8/10
  1709 | D:3      | Learned a level 5 spell: Blade Hands
  2107 | D:3      | Reached XP level 6. HP: 34/38 MP: 12/12
  2120 | D:3      | Learned a level 4 spell: Ice Form
  2422 | D:4      | Found an iron altar of Okawaru.
  2758 | D:4      | Reached XP level 7. HP: 43/43 MP: 6/13
  2761 | D:4      | Reached skill level 5 in Stealth
  2882 | D:4      | Found an iron altar of Okawaru.
  2891 | D:4      | Found Wucuzoca's Magic Scroll Shoppe.
  3005 | D:4      | Found a white marble altar of Elyvilon.
  3284 | D:4      | Found a staircase to the Ecumenical Temple.
  3292 | Temple   | Entered the Ecumenical Temple
  3300 | Temple   | Became a worshipper of Gozag Ym Sagoz the Greedy
  3344 | D:5      | Entered Level 5 of the Dungeon
  3500 | D:5      | Reached skill level 5 in Transmutations
  3509 | D:5      | Slain by an orc warrior

Skill      XL: |  1  2  3  4  5  6  7 |
---------------+----------------------+-----
Transmutations | 3 4 5 |  5.0
Spellcasting   | 3 4 |  4.0
Stealth        | 3 4 5 |  5.4
Unarmed Combat | 4 |  4.1
Fighting       | |  1.0
Dodging        | |  2.0
Ice Magic      | |  0.3

Action                   |  1- 3 |  4- 6 |  7- 9 || total
-------------------------+-------+-------+-------++-------
Melee: Unarmed           |   106 |    74 |    30 ||   210
       Constrict         |    27 |    17 |     8 ||    52
       Tentacles         |    17 |    13 |     7 ||    37
       Kick              |     5 |    24 |    10 ||    39
       Punch             |     2 |     1 |       ||     3
Throw: Tomahawk          |       |     8 |       ||     8
 Cast: Beastly Appendage |     6 |    12 |     2 ||    20
       Sticks to Snakes  |       |    12 |     2 ||    14
  Use: Scroll            |     4 |     2 |       ||     6
       Potion            |       |     1 |       ||     1
 Stab: Sleeping          |     4 |     3 |       ||     7
  Eat: Chunk             |     5 |     6 |       ||    11
       Ration            |       |       |     1 ||     1
Armor: Skin              |     2 |     6 |       ||     8
Dodge: Dodged            |    48 |    48 |    13 ||   109
